 Dungeon Crawl Stone Soup version 0.22-a0-825-ga28c36f (webtiles) character file.

154 corax the Ruffian (level 5, -8/46 HPs)
             Began as a Ghoul Monk on July 24, 2018.
             Mangled by a mummy (11 damage)
             ... in an ossuary.
             The game lasted 00:06:24 (2125 turns).

corax the Ruffian (Ghoul Monk)                      Turns: 2125, Time: 00:06:25

Health: -8/46      AC:  3    Str: 15    XL:     5   Next: 35%
Magic:  4/4        EV: 13    Int:  5    God:
Gold:   168        SH:  0    Dex: 12    Spells: 4/4 levels left

rFire    . . .     SeeInvis .     - Unarmed
rCold    + . .     Gourm    .   (no shield)
rNeg     + + +     Faith    .   a - +0 robe
rPois    ∞         Spirit   .   (no helmet)
rElec    .         Reflect  .   p - +0 cloak
rCorr    .         Harm     .   (no gloves)
MR       .....                  (no boots)
Stlth    ++........             (no amulet)
HPRegen  0.00/turn              (no ring)
MPRegen  0.09/turn              (no ring)

@: rotting
A: rotting body, claws 1, carnivore, cold resistance 1, negative energy
resistance 3, inhibited regeneration, torment resistance, unbreathing
a: no special abilities


You were in an ossuary.
You were not hungry.

You visited 1 branch of the dungeon, and saw 4 of its levels.
You also visited: Ossuary.

You collected 168 gold pieces.

Inventory:

Armour
 a - a +0 robe (worn)
 p - a +0 cloak (worn)
 q - a scarf of spirit shield
Jewellery
 l - an uncursed ring of magical power {unknown}
 m - a cursed -3 ring of strength {unknown}
Scrolls
 e - 2 scrolls of identify
 f - a scroll of blinking {unknown}
 g - 2 scrolls of remove curse {unknown}
 h - a scroll of random uselessness
 k - 2 scrolls of teleportation {unknown}
Potions
 c - a potion of brilliance {unknown}
 d - a potion of berserk rage {unknown}
 i - a potion of magic {unknown}
 j - a potion of degeneration {unknown}
 o - a potion of lignification {unknown}
Comestibles
 b - 7 rations
 n - a chunk of flesh


   Skills:
 + Level 4.2 Fighting
 + Level 3.5 Dodging
 + Level 3.7 Stealth
 + Level 4.3 Unarmed Combat


You had 4 spell levels left.
You didn't know any spells.
Your spell library was empty.

Dungeon Overview and Level Annotations

Branches:
Dungeon (4/15)
 Temple: D:4-7

Altars:
Nemelex Xobeh
Wu Jian

Annotations:
D:2 Sigmund


Innate Abilities, Weirdness & Mutations

Your body is rotting away.
You thrive on raw meat.
You are immune to poison.
You have sharp fingernails.
You are carnivorous and can eat meat at any time.
Your flesh is cold resistant. (rC+)
You are immune to negative energy. (rN+++)
You do not regenerate when monsters are visible.
You are immune to unholy pain and torment.
You can survive without breathing.


Message History

You barely miss the mummy.
The mummy is lightly damaged.
The mummy closely misses you.
You scratch the mummy.
The mummy is moderately damaged.
The mummy closely misses you. The mummy hits you!
* * * LOW HITPOINT WARNING * * *
As you read the scroll labeled YGODGH UMESKILI, it crumbles to dust.
It is a scroll of identify.
h - a scroll of random uselessness The mummy closely misses you.
The mummy barely misses you.
Eat one of 3 chunks of flesh? (ye/n/q)
You eat one of the 3 chunks of flesh.
This raw flesh tastes great!
The mummy closely misses you.
Eat one of 2 chunks of flesh? (ye/n/q)
You eat one of the 2 chunks of flesh.
This raw flesh tastes great!
The mummy hits you!
* * * LOW HITPOINT WARNING * * *
The mummy hits you!
You die...

## .# '#
.+
#####.###
#..M#.'.#
#.∩@MM#
#∩.M#M'.#
#####.###
M' .## .'
.# .+


You could see 5 mummies.

Vanquished Creatures
  Jessica (D:3)
  A mummy (Ossuary)
  A gnoll (D:3)
  4 adders
  An ooze (D:3)
  A worm (D:2)
  2 dart slugs (D:1)
  3 leopard geckos
  An orc (D:3)
  8 goblins
  6 hobgoblins
  4 jackals
  8 bats
  3 frilled lizards
  6 kobolds
  6 rats
56 creatures vanquished.

Notes
Turn   | Place    | Note
-------+----------+-------------------------------------------
     0 | D:1      | corax the Ghoul Monk began the quest for the Orb.
     0 | D:1      | Reached XP level 1. HP: 19/19 MP: 0/0
     8 | D:1      | Noticed a minotaur skeleton
    14 | D:1      | Noticed a minotaur skeleton
    14 | D:1      | Noticed a minotaur skeleton
    97 | D:1      | Reached XP level 2. HP: 19/26 MP: 1/1
   395 | D:1      | Reached XP level 3. HP: 20/31 MP: 2/2
   938 | D:2      | Reached XP level 4. HP: 3/39 MP: 3/3
  1009 | D:2      | HP: 1/39 [kobold (3)]
  1186 | D:2      | Noticed Sigmund
  1297 | D:3      | Found an ornate altar of the Wu Jian Council.
  1360 | D:3      | Noticed Jessica
  1370 | D:3      | Killed Jessica
  1412 | D:3      | Found a sparkling altar of Nemelex Xobeh.
  1637 | D:3      | Reached XP level 5. HP: 46/46 MP: 4/4
  2092 | D:4      | Found a sand-covered staircase.
  2102 | Ossuary  | Entered an ossuary
  2125 | Ossuary  | Mangled by a mummy

Vault maps used:
D:1:      shiori_arrival_whats_in_store_for_you
D:2:      uniq_sigmund
D:3:      kennysheep_six_static_rooms, old_standard_altar, first_ration,
          corexii_leaking_fountain, nemelex_dance_club_becter, uniq_jessica
D:4:      kennysheep_little_box, nicolae_ossuary_entry_monument
Ossuary:  ossuary_zaba_flooded

Skill      XL: |  1  2  3  4 |
---------------+-------------+-----
Dodging        | 3 |  3.5
Stealth        | 3 |  3.7
Unarmed Combat | 4 |  4.3
Fighting       | 4 |  4.2

Action                   |  1- 3 |  4- 6 || total
-------------------------+-------+-------++-------
Melee: Unarmed           |   140 |    73 ||   213
       Punch             |     1 |       ||     1
  Use: Scroll            |       |     1 ||     1
 Stab: Sleeping          |     8 |     3 ||    11
  Eat: Chunk             |    10 |    16 ||    26
Armor: Robe              |    41 |     7 ||    48
Dodge: Dodged            |   121 |    57 ||   178

Table legend:
 A = Spawn XP
 B = Non-spawn XP
 C = Spawn XP percentage of total XP
 D = Spawn monster count
 E = Non-spawn monster count
 F = Spawn count percentage of total count
 G = Total turns spent on level
                    A         B        C        D         E        F      G
               +---------+---------+-------+---------+---------+-------+---------
         Total |       0 |     220 |   0.0 |       0 |      56 |   0.0 |  2125
               +---------+---------+-------+---------+---------+-------+---------
           D:1 |       0 |      49 |   0.0 |       0 |      26 |   0.0 |   708
           D:2 |       0 |      62 |   0.0 |       0 |      14 |   0.0 |   511
           D:3 |       0 |      91 |   0.0 |       0 |      15 |   0.0 |   866
       Ossuary |       0 |      18 |   0.0 |       0 |       1 |   0.0 |    23
               +---------+---------+-------+---------+---------+-------+---------
